APP
SEATTLE (APP) MARINERS @ BURLINGTON ROYALS
08/16/2045
 
TOP OF THE 1ST
Seattle (APP) Mariners batting - Pitching for Burlington Royals : RHP Rich Frontczak
Pitching: RHP Rich Frontczak
Batting: RHB Nick Edmunds 0-0: Foul Ball, location: 2F
0-1: Ball
1-1: Foul Ball, location: 2F
1-2: Strikes out swinging
Batting: RHB Ryan Criollo 0-0: Foul Ball, location: 2F
0-1: Ball
1-1: Foul Ball, location: 2F
1-2: Ball
2-2: Foul Ball, location: 2F
2-2: Ball
3-2: Base on Balls
Batting: RHB Ivan Davila 0-0: Fielders Choice at 2nd, 5-4 (Groundball, 56, EV 105.0 MPH)
Batting: LHB Taki Matsui 0-0: Called Strike
0-1: Ball
1-1: Ball
2-1: Ball
3-1: Swinging Strike
3-2: Ground out U3 (Groundball, 3L, EV 80.6 MPH)
Top of the 1st over - 0 runs, 0 hits, 0 errors, 1 left on base; Seattle (APP) 0 - Burlington 0
BOTTOM OF THE 1ST
Burlington Royals batting - Pitching for Seattle (APP) Mariners : LHP Mitch Lewis
Pitching: LHP Mitch Lewis
Batting: RHB Tim Persson 0-0: Ground out 5-3 (Groundball, 56, EV 106.9 MPH)
Batting: LHB Ernesto Abreu 0-0: Foul Ball, location: 2F
0-1: Foul Ball, location: 2F
0-2: Ball
1-2: Ball
2-2: Foul Ball, location: 2F
2-2: Strikes out swinging
Batting: SHB Marcos Cortez 0-0: Foul Ball, location: 2F
0-1: Ball
1-1: Ball
2-1: Ground out U3 (Groundball, 13, EV 86.9 MPH)
Bottom of the 1st over - 0 runs, 0 hits, 0 errors, 0 left on base; Seattle (APP) 0 - Burlington 0
TOP OF THE 2ND
Seattle (APP) Mariners batting - Pitching for Burlington Royals : RHP Rich Frontczak
Batting: RHB Chris Olheiser 0-0: Called Strike
0-1: Swinging Strike
0-2: Strikes out looking
Batting: SHB Tony Morales 0-0: Called Strike
0-1: DOUBLE (Line Drive, 7LD, EV 110.0 MPH)
Batting: RHB Victor Rosas 0-0: Called Strike
0-1: Foul Ball, location: 2F
0-2: Ball
1-2: Ground out 6-3 (Groundball, 6, EV 90.6 MPH)
Tony Morales to third
Batting: RHB Jesus Santiago 0-0: Ball
1-0: Called Strike
1-1: Ball
2-1: Swinging Strike
2-2: Foul Ball, location: 2F
2-2: Ball
3-2: Foul Ball, location: 2F
3-2: Base on Balls
Batting: RHB Houston Brock 0-0: Ball
1-0: Fielders Choice at 2nd, 6-4 (Groundball, 4M, EV 87.5 MPH)
Top of the 2nd over - 0 runs, 1 hit, 0 errors, 2 left on base; Seattle (APP) 0 - Burlington 0
BOTTOM OF THE 2ND
Burlington Royals batting - Pitching for Seattle (APP) Mariners : LHP Mitch Lewis
Batting: LHB Bobby Gonzalez 0-0: Fly out, F6 (Flyball, 6D, EV 79.4 MPH)
Batting: RHB Rob Ward 0-0: Swinging Strike
0-1: Foul Ball, location: 2F
0-2: Strikes out swinging
Batting: RHB Shane Bruce 0-0: Ball
1-0: Fly out, F4 (Popup, 4M, EV 70.0 MPH)
Bottom of the 2nd over - 0 runs, 0 hits, 0 errors, 0 left on base; Seattle (APP) 0 - Burlington 0
TOP OF THE 3RD
Seattle (APP) Mariners batting - Pitching for Burlington Royals : RHP Rich Frontczak
Batting: RHB Nick Edmunds 0-0: Ball
1-0: Called Strike
1-1: Swinging Strike
1-2: Ball
2-2: Strikes out looking
Batting: RHB Ryan Criollo 0-0: Ball
1-0: Ball
2-0: Ball
3-0: Base on Balls
Batting: RHB Ivan Davila 0-0: Ball
1-0: Called Strike
1-1: Swinging Strike
1-2: Ball
2-2: Ball
3-2: Strikes out looking
Ryan Criollo is caught stealing 2nd base 2-4
Batter strikes out.
Top of the 3rd over - 0 runs, 0 hits, 0 errors, 0 left on base; Seattle (APP) 0 - Burlington 0
BOTTOM OF THE 3RD
Burlington Royals batting - Pitching for Seattle (APP) Mariners : LHP Mitch Lewis
Batting: RHB Jake Warwick 0-0: Called Strike
0-1: Called Strike
0-2: Ball
1-2: DOUBLE (Groundball, 5L, EV 105.6 MPH)
Batting: RHB Tim Tucker 0-0: Ball
1-0: Fly out, F9 (Flyball, 89M, EV 94.4 MPH)
Batting: RHB Junsuke Abe 0-0: Called Strike
0-1: DOUBLE (Line Drive, 78D, EV 108.1 MPH)
Jake Warwick scores
Batting: RHB Tim Persson 0-0: Swinging Strike
0-1: Swinging Strike
0-2: Strikes out swinging
Batting: LHB Ernesto Abreu 0-0: Called Strike
0-1: Swinging Strike
0-2: Strikes out looking
Bottom of the 3rd over - 1 run, 2 hits, 0 errors, 1 left on base; Seattle (APP) 0 - Burlington 1
TOP OF THE 4TH
Seattle (APP) Mariners batting - Pitching for Burlington Royals : RHP Rich Frontczak
Batting: LHB Taki Matsui 0-0: Ball
1-0: Ball
2-0: Foul Ball, location: 2F
2-1: Ball
3-1: Base on Balls
Batting: RHB Chris Olheiser 0-0: Foul Ball, location: 2F
0-1: Swinging Strike
0-2: Strikes out swinging
Batting: SHB Tony Morales 0-0: Ball
1-0: Called Strike
1-1: Foul Ball, location: 2F
1-2: Ball
2-2: Foul Ball, location: 2F
2-2: Strikes out swinging
Batting: RHB Victor Rosas 0-0: Ball
1-0: Called Strike
1-1: Foul Ball, location: 2F
1-2: Ball
2-2: Ball
3-2: Ground out 5-3 (Groundball, 56S, EV 90.0 MPH)
Top of the 4th over - 0 runs, 0 hits, 0 errors, 1 left on base; Seattle (APP) 0 - Burlington 1
BOTTOM OF THE 4TH
Burlington Royals batting - Pitching for Seattle (APP) Mariners : LHP Mitch Lewis
Batting: SHB Marcos Cortez 0-0: Swinging Strike
0-1: DOUBLE (Groundball, 5L, EV 105.6 MPH)
Batting: LHB Bobby Gonzalez 0-0: Called Strike
0-1: Ball
1-1: Called Strike
1-2: Fly out, F8 (Line Drive, 8RM, EV 103.1 MPH)
Batting: RHB Rob Ward 0-0: Ball
1-0: Ball
2-0: Foul Ball, location: 2F
2-1: Foul Ball, location: 2F
2-2: Strikes out looking
Batting: RHB Shane Bruce 0-0: Swinging Strike
0-1: SINGLE (Groundball, P, EV 83.1 MPH) (infield hit)
Marcos Cortez to third
Batting: RHB Jake Warwick 0-0: Foul Ball, location: 2F
0-1: Ball
1-1: Called Strike
1-2: Fielders Choice at 2nd, 6-4 (Groundball, 6, EV 84.4 MPH)
Bottom of the 4th over - 0 runs, 2 hits, 0 errors, 2 left on base; Seattle (APP) 0 - Burlington 1
TOP OF THE 5TH
Seattle (APP) Mariners batting - Pitching for Burlington Royals : RHP Rich Frontczak
Batting: RHB Jesus Santiago 0-0: Ball
1-0: Ball
2-0: Called Strike
2-1: Swinging Strike
2-2: Foul Ball, location: 2F
2-2: Ball
3-2: Foul Ball, location: 2F
3-2: Strikes out looking
Batting: RHB Houston Brock 0-0: Called Strike
0-1: Foul Ball, location: 2F
0-2: Ball
1-2: Foul Ball, location: 2F
1-2: Ball
2-2: Foul Ball, location: 2F
2-2: SINGLE (Groundball, 34, EV 104.4 MPH)
Batting: RHB Nick Edmunds 0-0: Ball
1-0: Called Strike
1-1: Ball
Houston Brock steals 2nd base
2-1: Called Strike
2-2: Foul Ball, location: 2F
2-2: Ball
3-2: Foul Ball, location: 2F
3-2: SINGLE (Groundball, 6MD, EV 100.0 MPH)
Houston Brock to third
Runner from 3rd tries for Home, SAFE, throw by CF to home
Batting: RHB Ryan Criollo 0-0: Called Strike
0-1: Ball
Nick Edmunds is caught stealing 2nd base 2-4
1-1: Ball
2-1: Ball
3-1: Foul Ball, location: 2F
3-2: DOUBLE (Line Drive, 9LS, EV 96.2 MPH)
Batting: RHB Ivan Davila 0-0: Ball
1-0: Ball
2-0: Called Strike
2-1: Foul Ball, location: 2F
2-2: Ground out 6-3 (Groundball, 6, EV 101.9 MPH)
Top of the 5th over - 1 run, 3 hits, 0 errors, 1 left on base; Seattle (APP) 1 - Burlington 1
BOTTOM OF THE 5TH
Burlington Royals batting - Pitching for Seattle (APP) Mariners : LHP Mitch Lewis
Batting: RHB Tim Tucker 0-0: DOUBLE (Groundball, 5L, EV 103.8 MPH)
Batting: RHB Junsuke Abe 0-0: Bunted foul
0-1: Bunted foul
0-2: Bunted foul, Strikeout!
Batting: RHB Tim Persson 0-0: Foul Ball, location: 2F
0-1: Ball
1-1: Called Strike
1-2: Strikes out looking
Batting: LHB Ernesto Abreu 0-0: Ball
1-0: Ball
2-0: Ball
3-0: Base on Balls
Batting: SHB Marcos Cortez 0-0: Ball
1-0: Called Strike
1-1: Called Strike
1-2: Strikes out swinging
Bottom of the 5th over - 0 runs, 1 hit, 0 errors, 2 left on base; Seattle (APP) 1 - Burlington 1
TOP OF THE 6TH
Seattle (APP) Mariners batting - Pitching for Burlington Royals : RHP Rich Frontczak
Pitching: RHP Kolenka Leschenya
Batting: LHB Taki Matsui 0-0: Called Strike
0-1: Swinging Strike
0-2: Strikes out swinging
Batting: RHB Chris Olheiser 0-0: Called Strike
0-1: Ground out 4-3 (Groundball, 34, EV 89.4 MPH)
Batting: SHB Tony Morales 0-0: Swinging Strike
0-1: Reached on error, E6 (Groundball, 6, EV 101.9 MPH)
Batting: RHB Victor Rosas 0-0: Ball
Tony Morales steals 2nd base
1-0: Ground out 6-3 (Groundball, 6M, EV 103.1 MPH)
Top of the 6th over - 0 runs, 0 hits, 1 error, 1 left on base; Seattle (APP) 1 - Burlington 1
BOTTOM OF THE 6TH
Burlington Royals batting - Pitching for Seattle (APP) Mariners : LHP Mitch Lewis
Batting: LHB Bobby Gonzalez 0-0: Foul Ball, location: 2F
0-1: Called Strike
0-2: Foul Ball, location: 2F
0-2: Ball
1-2: Ball
2-2: Foul Ball, location: 2F
2-2: Foul Ball, location: 2F
2-2: Ball
3-2: DOUBLE (Flyball, 78XD, EV 116.2 MPH)
Batting: RHB Rob Ward 0-0: Called Strike
0-1: Ball
1-1: 2-RUN HOME RUN (Line Drive, 7D, EV 96.2 MPH), Distance : 375 ft
Batting: RHB Shane Bruce 0-0: SOLO HOME RUN (Flyball, 7D, EV 110.0 MPH), Distance : 409 ft
Batting: RHB Jake Warwick 0-0: Ball
1-0: Ground out 5-3 (Groundball, 5, EV 108.1 MPH)
Batting: RHB Tim Tucker 0-0: Ball
1-0: Reached on error, E4 (Groundball, 4, EV 82.5 MPH)
Batting: RHB Junsuke Abe 0-0: Called Strike
0-1: Ball
1-1: Foul Ball, location: 2F
1-2: Ball
2-2: Foul Ball, location: 2F
2-2: Foul Ball, location: 2F
2-2: Strikes out swinging
Batting: RHB Tim Persson 0-0: Called Strike
0-1: Foul Ball, location: 2F
0-2: Foul Ball, location: 2F
0-2: Foul Ball, location: 2F
0-2: Ball
1-2: Strikes out swinging, 2-3 out at first.
Bottom of the 6th over - 3 runs, 3 hits, 1 error, 1 left on base; Seattle (APP) 1 - Burlington 4
TOP OF THE 7TH
Seattle (APP) Mariners batting - Pitching for Burlington Royals : RHP Kolenka Leschenya
Batting: RHB Jesus Santiago 0-0: Ball
1-0: Ball
2-0: Ball
3-0: Called Strike
3-1: Called Strike
3-2: Foul Ball, location: 2F
3-2: Foul Ball, location: 2F
3-2: Ground out 5-3 (Groundball, 56, EV 85.0 MPH)
Batting: RHB Houston Brock 0-0: Called Strike
0-1: SINGLE (Groundball, 4MD, EV 95.0 MPH)
Batting: RHB Nick Edmunds 0-0: Called Strike
Houston Brock steals 2nd base (no throw)
0-1: Swinging Strike
0-2: Ball
1-2: Strikes out swinging
Batting: RHB Ryan Criollo 0-0: Called Strike
0-1: Swinging Strike
0-2: Ground out 6-3 (Groundball, 6M, EV 108.1 MPH)
Top of the 7th over - 0 runs, 1 hit, 0 errors, 1 left on base; Seattle (APP) 1 - Burlington 4
BOTTOM OF THE 7TH
Burlington Royals batting - Pitching for Seattle (APP) Mariners : LHP Mitch Lewis
Pitching: RHP Aaron Black
Batting: LHB Ernesto Abreu 0-0: Called Strike
0-1: Foul Ball, location: 2F
0-2: Strikes out swinging
Batting: SHB Marcos Cortez 0-0: Ball
1-0: Ball
2-0: Called Strike
2-1: TRIPLE (Flyball, 9LD, EV 107.5 MPH)
Batting: LHB Bobby Gonzalez 0-0: Ball
1-0: Foul Ball, location: 2F
1-1: Swinging Strike
1-2: Ball
2-2: Foul Ball, location: 2F
2-2: Foul Ball, location: 2F
2-2: Ball
3-2: Base on Balls
Pitching: RHP Ke-yong Khoo
Batting: RHB Rob Ward 0-0: Ball
1-0: Called Strike
1-1: Foul Ball, location: 2F
1-2: Hit by Pitch
Bobby Gonzalez to second
Batting: RHB Shane Bruce 0-0: Foul Ball, location: 2F
0-1: Swinging Strike
Balk!
Marcos Cortez scores
Bobby Gonzalez to third
Rob Ward to second
0-2: Ball
1-2: Ball
2-2: Ball
3-2: Base on Balls
Batting: RHB Jake Warwick Balk!
Bobby Gonzalez scores
Rob Ward to third
Shane Bruce to second
0-0: Fly out, F5 (Line Drive, 5, EV 67.5 MPH)
Lined into DP, U5 (Line Drive, 5, EV 68.1 MPH)
Bottom of the 7th over - 2 runs, 1 hit, 0 errors, 1 left on base; Seattle (APP) 1 - Burlington 6
TOP OF THE 8TH
Seattle (APP) Mariners batting - Pitching for Burlington Royals : RHP Kolenka Leschenya
Batting: RHB Ivan Davila 0-0: Ball
1-0: Ball
2-0: SOLO HOME RUN (Flyball, 78XD, EV 108.1 MPH), Distance : 418 ft
Batting: LHB Taki Matsui 0-0: Ball
1-0: Foul Ball, location: 2F
1-1: Foul Ball, location: 2F
1-2: Ball
2-2: Strikes out swinging
Pitching: RHP Neil Drain
Batting: RHB Chris Olheiser 0-0: Ball
1-0: Foul Ball, location: 2F
1-1: Ball
2-1: Foul Ball, location: 2F
2-2: Foul Ball, location: 2F
2-2: Foul Ball, location: 2F
2-2: Foul Ball, location: 2F
2-2: Foul Ball, location: 2F
2-2: Ball
3-2: Base on Balls
Batting: SHB Tony Morales 0-0: Foul Ball, location: 2F
0-1: Swinging Strike
0-2: Fielders Choice at 2nd, 1-6 (Groundball, 13S, EV 70.6 MPH)
Batting: RHB Victor Rosas 0-0: Called Strike
0-1: Ball
1-1: Called Strike
1-2: SINGLE (Groundball, 6MD, EV 104.4 MPH)
Tony Morales to second
Runner from 2nd tries for 3rd, SAFE, no throw by CF
Batting: RHB Jesus Santiago 0-0: Called Strike
0-1: Called Strike
0-2: Strikes out swinging
Top of the 8th over - 1 run, 2 hits, 0 errors, 2 left on base; Seattle (APP) 2 - Burlington 6
BOTTOM OF THE 8TH
Burlington Royals batting - Pitching for Seattle (APP) Mariners : RHP Ke-yong Khoo
Pitching: RHP Kieran Easton
Batting: RHB Tim Tucker 0-0: Ball
1-0: Ball
2-0: Called Strike
2-1: Ball
3-1: SINGLE (Groundball, 56D, EV 93.8 MPH)
Batting: RHB Junsuke Abe 0-0: Bunted foul
0-1: Sac Bunt to 15 - play at first, batter OUT! 1-4
Tim Tucker to second
Batting: RHB Tim Persson 0-0: Ground out 3-1 (Groundball, 34, EV 104.4 MPH)
Tim Tucker to third
Batting: LHB Ernesto Abreu 0-0: Foul Ball, location: 2F
0-1: Called Strike
0-2: Ground out 5-3 (Groundball, 56S, EV 73.1 MPH)
Bottom of the 8th over - 0 runs, 1 hit, 0 errors, 1 left on base; Seattle (APP) 2 - Burlington 6
TOP OF THE 9TH
Seattle (APP) Mariners batting - Pitching for Burlington Royals : RHP Neil Drain
Pitching: LHP Ken Milhouse
Batting: RHB Houston Brock 0-0: Called Strike
0-1: DOUBLE (Line Drive, 78D, EV 109.4 MPH)
Batting: RHB Nick Edmunds 0-0: Ball
1-0: Ball
2-0: Called Strike
2-1: Ball
3-1: Base on Balls
Batting: RHB Ryan Criollo 0-0: SINGLE (Groundball, 13, EV 91.9 MPH) (infield hit)
Houston Brock to third
Nick Edmunds to second
Batting: RHB Ivan Davila 0-0: Ball
1-0: Ball
2-0: SINGLE (Groundball, 15S, EV 64.4 MPH) (infield hit)
Houston Brock scores
Nick Edmunds to third
Ryan Criollo to second
Pinch Hitting: SHB Carlos Luna 0-0: SINGLE (Groundball, 6M, EV 100.6 MPH) (infield hit)
Nick Edmunds scores
Ryan Criollo to third
Ivan Davila to second
Batting: RHB Chris Olheiser 0-0: Ball
1-0: Foul Ball, location: 2F
1-1: SINGLE (Line Drive, 8LS, EV 95.0 MPH)
Ryan Criollo scores
Ivan Davila to third
Carlos Luna to second
Batting: SHB Tony Morales 0-0: Foul Ball, location: 2F
0-1: Ball
1-1: Ball
2-1: Foul Ball, location: 2F
2-2: Ball
3-2: Base on Balls
Ivan Davila scores
Carlos Luna to third
Chris Olheiser to second
Batting: RHB Victor Rosas 0-0: Ball
1-0: Ball
2-0: Foul Ball, location: 2F
2-1: SINGLE (Groundball, 56D, EV 101.9 MPH)
Carlos Luna scores
Chris Olheiser to third
Tony Morales to second
Throwing error, E7
Chris Olheiser scores
Tony Morales to third
Victor Rosas to second
Batting: RHB Jesus Santiago 0-0: Intentional Walk
Pitching: RHP Tony Jimenez
Batting: RHB Houston Brock 0-0: Called Strike
0-1: Swinging Strike
0-2: Grounds into fielders choice 5-2 (Groundball, 56S, EV 85.0 MPH)
Victor Rosas to third
Jesus Santiago to second
Batting: RHB Nick Edmunds 0-0: Called Strike
0-1: Swinging Strike
0-2: Ball
1-2: Strikes out swinging
Batting: RHB Ryan Criollo 0-0: Swinging Strike
0-1: Foul Ball, location: 2F
0-2: Ball
1-2: Strikes out swinging
Top of the 9th over - 6 runs, 6 hits, 1 error, 3 left on base; Seattle (APP) 8 - Burlington 6
BOTTOM OF THE 9TH
Burlington Royals batting - Pitching for Seattle (APP) Mariners : RHP Kieran Easton
Now at 1B: Brian Butler
Batting: SHB Marcos Cortez 0-0: Fly out, F4 (Popup, 4S, EV 63.1 MPH)
Batting: LHB Bobby Gonzalez 0-0: Called Strike
0-1: Foul Ball, location: 2F
0-2: Ball
1-2: Ball
2-2: Ball
3-2: Base on Balls
Batting: RHB Rob Ward 0-0: Ball
1-0: Foul Ball, location: 2F
1-1: Ball
2-1: Foul Ball, location: 2F
2-2: Fielders Choice at 2nd, 6-4 (Groundball, 6, EV 90.6 MPH)
Batting: RHB Shane Bruce 0-0: Ball
1-0: Ball
2-0: Foul Ball, location: 2F
2-1: Foul Ball, location: 2F
2-2: Fielders Choice at 2nd, 5-4 (Groundball, 56, EV 81.9 MPH)
Bottom of the 9th over - 0 runs, 0 hits, 0 errors, 1 left on base; Seattle (APP) 8 - Burlington 6
Wednesday, June 22nd , 2022 - OOTP Baseball 23.4 Build 64